 Dungeon Crawl Stone Soup version 0.18-a0-1560-ge216ca8 (webtiles) character file.

21 Amnesiac the Magician (level 2, 0/19 HPs)
             Began as a Mummy Wizard on Mar 12, 2016.
             Slain by a worker ant (3 damage)
             ... on level 4 of the Dungeon.
             The game lasted 00:04:19 (938 turns).

Amnesiac the Magician (Mummy Wizard)                 Turns: 938, Time: 00:04:19

Health: 0/19       AC:  5    Str: 10    XL:     2   Next: 65%
Magic:  0/6        EV:  7    Int: 17    God:
Gold:   70         SH:  0    Dex: 10    Spells: 2 memorised, 4 levels left

rFire  x . .     SeeInvis .     w - +0 dagger
rCold  + + .     Gourm    .     a - +0 robe
rNeg   + + +     Faith    .     (no shield)
rPois  ∞         Spirit   .     d - +2 helmet
rElec  .         Dismiss  .     (no cloak)
rCorr  .         Reflect  .     (no gloves)
SustAt .         Harm     .     (no boots)
MR     .....                    (no amulet)
Stlth  +.........               i - ring of loudness (curse)
                                b - ring of protection from cold

@: not resistant to hostile enchantments, very unstealthy
A: no food or potions, fire vulnerability, cold resistance 1, negative energy
resistance 3, torment resistance, unbreathing
a: no special abilities


You were on level 4 of the Dungeon.
You were not hungry.

You visited 1 branch of the dungeon, and saw 4 of its levels.

You collected 70 gold pieces.

Inventory:

Hand Weapons
 w - a +0 dagger (weapon)
Armour
 a - a +0 robe (worn)
 d - a +2 helmet (worn)
 f - a +0 leather armour of magic resistance
Jewellery
 b - a ring of protection from cold (left hand)
 i - a cursed ring of loudness (right hand)
Scrolls
 e - a scroll of recharging {unknown}
 g - a scroll of fog {unknown}
 h - a scroll of fear {unknown}
 j - a scroll of identify {unknown}
Books
 c - a book of Minor Magic

   Spells                             Type                      Level
   a - Magic Dart                     Conjuration                  1
   b - Blink                          Translocation                2
   c - Call Imp                       Summoning                    2
   d - Repel Missiles                 Charms/Air                   2
   e - Slow                           Hexes                        2
   f - Conjure Flame                  Conjuration/Fire             3
   g - Mephitic Cloud                 Conjuration/Poison/Air       3


   Skills:
 + Level 1.8 Short Blades
 - Level 1.5 Dodging
 - Level 1.5 Stealth
 - Level 3.0 Spellcasting
 - Level 1.0 Conjurations
 - Level 0.7 Summonings
   Level 0.7 Translocations


You had 4 spell levels left.
You knew the following spells:

 Your Spells              Type           Power        Failure   Level  Hunger
d - Call Imp              Summ           #.......     24%         2    N/A
z - Magic Dart            Conj           #...         14%         1    N/A

Dungeon Overview and Level Annotations

Branches:
Dungeon (4/15)
 Temple: D:4-7

Altars:


Innate Abilities, Weirdness & Mutations

You do not eat or drink.
Your flesh is vulnerable to fire.
You are immune to poison.
Your flesh is cold resistant.
You are immune to negative energy.
You are immune to unholy pain and torment.
You can survive without breathing.


Message History

Confirm with . or Enter, or press ? or * to list all spells.
A shadowy apparition takes form in the air.
The worker ant bites you.
* * * LOW HITPOINT WARNING * * *
You swap places.
Your shadow imp closely misses the worker ant.
Your shadow imp hits the worker ant but does no damage.
Found a stone staircase leading up.
The worker ant misses you.
Read which item? (? for menu, Esc to quit)
Okay, then.
There is a stone staircase leading up here.
Casting: Call Imp
Confirm with . or Enter, or press ? or * to list all spells.
A beastly little devil appears in a puff of frigid air.
The worker ant barely misses you.
Your shadow imp gestures at the worker ant.
The worker ant convulses in agony!
The worker ant bites you.
You die...

####...............#.
#.####...####.#...
#.###.............
#.##.......#...#.#
#.................
#.##.......#......
#5###.........#.##
#a# ##...###$.#.# #@#
##### #$.#.# #.# #..#
#5# #..# #.. ...# ###
#.## .#. # #


You could see a worker ant, a friendly white imp and a friendly shadow imp.

Vanquished Creatures
  A giant cockroach (D:1)
  A goblin (D:3)
  A hobgoblin (D:2)
  A jackal (D:1)
  2 kobolds
  2 bats (D:2)
8 creatures vanquished.

Vanquished Creatures (collateral kills)
  A worker ant (D:4)
1 creature vanquished.

Grand Total: 9 creatures vanquished

Notes
Turn   | Place    | Note
--------------------------------------------------------------
     0 | D:1      | Amnesiac the Mummy Wizard began the quest for the Orb.
     0 | D:1      | Reached XP level 1. HP: 13/13 MP: 4/4
    70 | D:1      | Reached skill level 1 in Conjurations
   324 | D:2      | Reached skill level 1 in Short Blades
   371 | D:2      | Reached XP level 2. HP: 11/19 MP: 0/6
   431 | D:2      | Learned a level 2 spell: Call Imp
   938 | D:4      | Slain by a worker ant

Vault maps used:
D:1:      minmay_arrival_solitary_statue, serial_bayou_pond_a,
          wad_woods_river_04
D:2:      old_standard_altar, bloody_trog, nicolae_ru_awakened_eye, uniq_sigmund
D:3:      nemelex_xobeh_ov_fountains_minmay
D:4:      kiku_gazebo_pond_becter, first_bread, nicolae_ashenzari_panopticon

Skill      XL: |  1 |
---------------+----+-----
Conjurations   | 1 |  1.0
Short Blades   | 1 |  1.8
Dodging        | |  1.5
Stealth        | |  1.5
Spellcasting   | |  3.0
Summonings     | |  0.7
Translocations | |  0.7

Action                   || total
-------------------------++-------
Melee: Dagger            ||    15
 Cast: Magic Dart        ||    17
       Call Imp          ||     7
